 Dungeon Crawl Stone Soup version 0.23-b1-59-g586d0d887c (webtiles) character file.

Game seed: 1537709364605793635

2 Gargoyl the Skirmisher (level 1, 0/19 HPs)
             Began as a Centaur Abyssal Knight on Feb 5, 2019.
             Was an Initiate of Lugonu.
             Slain by a leopard gecko (2 damage)
             ... on level 1 of the Dungeon.
             The game lasted 00:00:39 (187 turns).

Gargoyl the Skirmisher (Centaur Abyssal Knight)      Turns: 187, Time: 00:00:40

Health: 0/19       AC:  4    Str: 14    XL:     1   Next: 25%
Magic:  2/2        EV:  9    Int: 11    God:    Lugonu [......]
Gold:   57         SH:  0    Dex:  8    Spells: 0/0 levels left

rFire    . . .     SeeInvis .   g - +0 war axe (vamp)
rCold    . . .     Gourm    .   (no shield)
rNeg     . . .     Faith    .   b - +0 leather armour
rPois    .         Spirit   .   (no helmet)
rElec    .         Reflect  .   (no cloak)
rCorr    .         Harm     .   (no gloves)
MR       .....                  (no barding)
Stlth    ..........             (no amulet)
HPRegen  0.06/turn              (no ring)
MPRegen  0.08/turn              (no ring)

@: very quick
A: large, hooves 3, deformed body, speed 2, tough skin 3
a: Renounce Religion


You were on level 1 of the Dungeon.
You worshipped Lugonu.
Lugonu was noncommittal.
You were not hungry.

You visited 1 branch of the dungeon, and saw 1 of its levels.
You visited the Abyss 1 time.

You collected 57 gold pieces.

Inventory:

Hand Weapons
 a - a +1 hand axe
 g - a +0 vampiric war axe (weapon)
Missiles
 e - 8 javelins (quivered)
Armour
 b - a +0 leather armour (worn)
Jewellery
 f - the ring of Oqu Omua {MR+ Str+4, unknown}
   (You found it on level 2 of the Abyss)

   [ring of protection from magic]

   It affects your strength (+4).
   It affects your resistance to hostile enchantments.
Scrolls
 d - a scroll of enchant weapon {unknown}
 h - a scroll of identify {unknown}
Comestibles
 c - 2 rations


   Skills:
 + Level 3.0 Fighting
 + Level 1.8 Axes
 * Level 1.4 Armour
 * Level 0.6 Dodging
 * Level 2.0 Invocations


You couldn't memorise any spells.
You didn't know any spells.
Your spell library was empty.

Dungeon Overview and Level Annotations

Branches:
Dungeon (1/15)

Altars:


Innate Abilities, Weirdness & Mutations

You have hooves in place of feet.
Armour fits poorly on your strangely shaped body.
You cover ground very quickly.
You have extremely tough skin. (AC +3)


Message History

The leopard gecko bites you. x2
Unknown command.
You closely miss the leopard gecko. You kick the leopard gecko.
The leopard gecko is almost dead.
The leopard gecko bites you.
* * * LOW HITPOINT WARNING * * *
The leopard gecko bites you.
* * * LOW HITPOINT WARNING * * *
You closely miss the leopard gecko.
The leopard gecko is almost dead.
The leopard gecko bites you.
* * * LOW HITPOINT WARNING * * *
Unknown command.
You closely miss the leopard gecko. Your kick misses the leopard gecko.
The leopard gecko is almost dead.
The leopard gecko closely misses you. x2
You closely miss the leopard gecko. Your kick misses the leopard gecko.
The leopard gecko is almost dead.
The leopard gecko bites you.
You die...

#.#.###.# #.......#
##...#### ##+# #†#.##
#...# #....# .....#
####.##.###### ......#
##........(....
.......###..#####'#####.
).....l@....#PPP#.#PPP#.
......)###..#P⌠P#.#P⌠P#.
......# #..#PPP#.#PPP#.
$....# #..#####.#####.
#...# #..+....<....+.
##+# #..#####.#####.
##.#PPP#.#PPP#.
#.#P⌠P#.#P⌠P#.
#.#PPP#.#PPP#.


You could see a leopard gecko.

Vanquished Creatures
  A hobgoblin (D:1)
  A rat (D:1)
2 creatures vanquished.

Notes
Turn   | Place    | Note
-------+----------+-------------------------------------------
     0 | Abyss:1  | Gargoyl the Centaur Abyssal Knight began the quest for the
                  | Orb.
     0 | Abyss:1  | Reached XP level 1. HP: 19/19 MP: 2/2
   100 | Abyss:2  | Found a corrupted altar of Lugonu.
   117 | Abyss:2  | Got a translucent gossamer ring
   119 | Abyss:2  | Noticed a cyan very ugly thing
   119 | Abyss:2  | Noticed a cyan ugly thing
   119 | Abyss:2  | Noticed a cyan very ugly thing
   137 | Abyss:2  | Noticed a large abomination
   139 | D:1      | Escaped the Abyss
   187 | D:1      | Slain by a leopard gecko

Action                   || total
-------------------------++-------
Melee: War axe           ||    12
       Kick              ||     1
Invok: Depart the Abyss  ||     1
  Eat: Ration            ||     1
Armor: Leather armour    ||     1
Dodge: Dodged            ||     9
